 Dungeon Crawl Stone Soup version 0.28-b1-1-g3c77fb2ed1 (webtiles) character file.

Game seed: 1279141268538402591

385 boopmooplesden the Chopper (level 6, -7/53 HPs)
             Began as a Minotaur Fighter on Jan 28, 2022.
             Mangled by an ogre (26 damage)
             ... on level 3 of the Dungeon.
             The game lasted 00:05:03 (3296 turns).

boopmooplesden the Chopper (Minotaur Fighter)       Turns: 3296, Time: 00:05:03

Health: -7/53      AC: 12    Str: 23    XL:     6   Next: 48%
Magic:  5/5        EV:  6    Int:  5    God:
Gold:   93         SH:  4    Dex:  9    Spells: 5/5 levels left

rFire   . . .      SeeInvis .   d - +0 war axe (freeze)
rCold   . . .      Faith    .   c - +0 buckler
rNeg    . . .      Spirit   .   g - +0 plate armour
rPois   +          Reflect  .   (helmet restricted)
rElec   .          Harm     .   (no cloak)
rCorr   .          Rampage  .   (no gloves)
Will    .....                   (no boots)
Stlth   ..........              (no amulet)
HPRegen 0.17/turn               k - ring of poison resistance
MPRegen 0.09/turn               (no ring)

@: no status effects
A: horns 2, retaliatory headbutt
a: no special abilities


You were on level 3 of the Dungeon.
You visited 1 branch of the dungeon, and saw 3 of its levels.

You collected 93 gold pieces.

Inventory:

Hand Weapons
 a - a +0 war axe
 d - a +0 war axe of freezing (weapon)
Armour
 b - a +0 scale mail
 c - a +0 buckler (worn)
 g - a +0 plate armour (worn)
Jewellery
 k - a ring of poison resistance (left hand)
Scrolls
 e - 2 scrolls of teleportation {unknown}
 f - 2 scrolls of identify {unknown}
 j - a scroll of enchant armour {unknown}
Potions
 h - 2 potions of curing {unknown}
 i - 2 potions of mutation {unknown}


   Skills:
 + Level 4.7 Fighting
 + Level 5.9 Axes
 + Level 5.0 Armour
 + Level 0.5 Dodging
 + Level 5.0 Shields
 + Level 0.2 Evocations


You had 5 spell levels left.
You didn't know any spells.
Your spell library contained the following spells:

 Spells                   Type           Power      Damage    Failure   Level
 Animate Skeleton         Necr           0%         N/A       100%        1
 Apportation              Tloc           0%         N/A       100%        1
 Summon Small Mammal      Summ           0%         N/A       100%        1


Dungeon Overview and Level Annotations

Branches:
Dungeon (3/15)

Altars:
Fedhas
Gozag
Nemelex Xobeh


Innate Abilities, Weirdness & Mutations

You have a pair of horns on your head.
You reflexively headbutt those who attack you in melee.


Message History

There is an open door here.
A frilled lizard comes into view.
The frilled lizard hisses angrily.
You hear an angry hiss.
The frilled lizard bites you but does no damage.
You slash the frilled lizard! You freeze the frilled lizard.
You kill the frilled lizard!
You see here a frilled lizard corpse.
A rat comes into view.
Found 7 gold pieces.
An adder comes into view.
The adder hisses angrily.
You hit the rat. You freeze the rat.
You kill the rat!
You slash the adder!
The adder seems to slow down.
You freeze the adder.
You kill the adder!
Things that are here:
an adder corpse; a rat corpse
e - 2 scrolls labelled WUXIERR PUIS (gained 1)
Things that are here:
an adder corpse; a rat corpse You now have 93 gold pieces (gained 7).
You see here a frilled lizard corpse.
There is an open door here.
You open the door.
There is an open door here.
An ogre and a kobold come into view.
The ogre shouts!
The kobold shouts!
There are monsters nearby!
You barely miss the ogre.
The ogre hits you with a +0 giant spiked club!
You hit the ogre but do no damage.
An ice beast comes into view.
The ogre hits you with a +0 giant spiked club!
You slash the ogre! You freeze the ogre.
The ogre is moderately wounded.
The ogre hits you with a +0 giant spiked club!
You barely miss the ogre. Your headbutt misses the ogre.
The ogre is moderately wounded.
The ogre hits you with a +0 giant spiked club!!
You die...

##.#..#.##..#
##.#..#÷##..##
##.#..#)##....#
##.#..#)##.†##.#
##.#..#)##....###
##.#..#.##..##...#
#......###...###.#
#'#.#..#.###.†.###
#@###.#..#.###...#
#KO.###.#..#.###.#
##....###.#..#.#'#
.#..Y.###.#..#.#
##.##.. ###.#... #
# ###..#
###########
#...†....#.
#..........


You could see an ice beast, an ogre and a kobold.

Vanquished Creatures
  A phantom (D:2)
  3 orc priests (D:3)
  3 orc wizards (D:3)
  3 adders
  A worm (D:3)
  A dart slug (D:1)
  9 orcs
  7 endoplasms
  5 giant cockroaches
  4 hobgoblins
  4 jackals (D:1)
  7 kobolds
  2 quokkas
  6 ball pythons
  6 bats
  7 frilled lizards
  7 goblins
  7 rats
83 creatures vanquished.

Vanquished Creatures (others)
  An orc wizard (D:3)
1 creature vanquished.

Grand Total: 84 creatures vanquished

Notes
Turn   | Place    | Note
-------+----------+-------------------------------------------
     0 | D:1      | boopmooplesden the Minotaur Fighter began the quest for the
                  | Orb.
     0 | D:1      | Reached XP level 1. HP: 19/19 MP: 0/0
   154 | D:1      | Reached XP level 2. HP: 25/27 MP: 1/1
   871 | D:1      | Reached XP level 3. HP: 33/33 MP: 2/2
  1140 | D:1      | Found a faded altar of an unknown god.
  1506 | D:2      | Found a blossoming altar of Fedhas.
  1778 | D:2      | Noticed a phantom
  1795 | D:2      | Killed a phantom
  1796 | D:2      | Reached XP level 4. HP: 22/41 MP: 3/3
  1955 | D:2      | Reached XP level 5. HP: 47/47 MP: 4/4
  2553 | D:3      | Reached skill level 5 in Axes
  2780 | D:3      | Reached XP level 6. HP: 35/53 MP: 5/5
  2962 | D:3      | Found a sparkling altar of Nemelex Xobeh.
  2963 | D:3      | Found an opulent altar of Gozag.
  3089 | D:3      | Reached skill level 5 in Armour
  3106 | D:3      | Reached skill level 5 in Shields
  3294 | D:3      | Noticed an ice beast
  3296 | D:3      | Mangled by an ogre

Illustrated notes

Levels and vault maps discovered:
D:1:      heliophobic_arrival_henge, layout_basic,
          shapermc_ecumenical_altar_ellora
D:2:      layout_loops_corners, basic_altar, st_stairs_13
D:3:      minmay_razor_zed, layout_rooms, grunt_temple_overflow_opulence,
          nicolae_vehumet_radiance, hex_tiny

Skill      XL: |  1  2  3  4  5  6 |
---------------+-------------------+-----
Fighting       | 4 |  4.7
Shields        | 4 5 |  5.0
Armour         | 4 5 |  5.0
Axes           | 4 5 |  5.9
Dodging        | |  0.5
Evocations     | |  0.2

Action                   |  1- 3 |  4- 6 || total
-------------------------+-------+-------++-------
Melee: War axe           |   105 |   104 ||   209
       Headbutt          |    16 |     9 ||    25
Evoke: Wand              |       |     2 ||     2
  Use: Potion            |       |     1 ||     1
Armor: Scale mail        |    52 |       ||    52
       Plate armour      |    26 |    58 ||    84
Dodge: Dodged            |    45 |    19 ||    64
Block: Buckler           |    27 |    17 ||    44
